 Dungeon Crawl Stone Soup version 0.22.1-1-ga44c0e5 (webtiles) character file.

81 dvd the Skirmisher (level 4, 0/29 HPs)
             Began as a Gargoyle Monk on Oct 17, 2018.
             Killed from afar by Sigmund (3 damage)
             ... with a magic dart
             ... on level 2 of the Dungeon.
             The game lasted 00:02:32 (1563 turns).

dvd the Skirmisher (Gargoyle Monk)                  Turns: 1563, Time: 00:02:32

Health: 0/29       AC:  8    Str: 14    XL:     4   Next: 42%
Magic:  4/4        EV: 11    Int: 11    God:
Gold:   110        SH:  0    Dex: 13    Spells: 3/3 levels left

rFire    . . .     SeeInvis .   a - +0 mace
rCold    . . .     Gourm    .   (no shield)
rNeg     + . .     Faith    .   g - +0 ring mail
rPois    ∞         Spirit   .   (no helmet)
rElec    +         Reflect  .   (no cloak)
rCorr    .         Harm     .   (no gloves)
MR       .....                  (no boots)
Stlth    ..........             (no amulet)
HPRegen  0.09/turn              f - ring of attention (curse)
MPRegen  0.09/turn              (no ring)

@: confused
A: negative energy resistance 1, electricity resistance, unbreathing,
petrification resistance, rot immunity, AC +3
a: no special abilities


You were on level 2 of the Dungeon.
You were not hungry.

You visited 1 branch of the dungeon, and saw 2 of its levels.

You collected 110 gold pieces.

Inventory:

Hand Weapons
 a - a +0 mace (weapon)
 b - a +0 hand axe
 l - a +0 whip
Missiles
 o - 8 javelins (quivered)
Armour
 g - a +0 ring mail (worn)
 i - a +0 robe
Jewellery
 f - a cursed ring of attention (left hand)
Scrolls
 k - a scroll of blinking {unknown}
 m - a scroll of enchant weapon {unknown}
 n - 3 scrolls of identify {unknown}
Potions
 d - 2 potions of curing {unknown}
 e - 2 potions of agility {unknown}
 h - a potion of heal wounds {unknown}
 j - 2 potions of flight {unknown}
 p - a potion of might {unknown}
 r - a potion of haste {unknown}
Comestibles
 c - 6 rations
 q - 10 chunks of flesh


   Skills:
 + Level 3.9 Fighting
 + Level 3.9 Maces & Flails
 + Level 0.1 Throwing
 + Level 1.2 Armour
 + Level 2.9 Dodging
 + Level 2.3 Stealth


You had 3 spell levels left.
You didn't know any spells.
Your spell library was empty.

Dungeon Overview and Level Annotations

Branches:
Dungeon (2/15)

Altars:

Annotations:
D:2 Sigmund


Innate Abilities, Weirdness & Mutations

You are resistant to torment.
Your stone body is resilient. (AC +3)
You are immune to poison.
You resist negative energy. (rN+)
You are resistant to electric shocks. (rElec)
You can survive without breathing.
You are immune to petrification.
You are immune to rotting.


Message History

You closely miss something. You closely miss something. Something hits you.
You miss something. Something hits you.
You hit something. Something hits you.
You hit something.
You hear some strange, mumbled words.
Something tries to affect you, but you resist.
You miss something. Something hits you but does no damage.
You hit something but do no damage.
You hear some strange, mumbled words.
You are confused.
Unknown command.
Something hits you!
* * * LOW HITPOINT WARNING * * *
You bump into the rock wall.
You bump into the rock wall.
You bump into the rock wall.
A magic dart appears from out of thin air!
The magic dart hits you!
You die...

#.# #.♣ ♣.♣ #########.#
#.♣# ♣.♣# #.........#
#..♣♣♣...♣ #.#########
##......... #.#
#..........
##.############.#.#.#.##.
...÷..................#
.#
.#........######.##.####
.########## #@....... ##
####..... #####.. #


There were no monsters in sight!

Vanquished Creatures
  A gnoll (D:1)
  3 adders (D:2)
  2 worms (D:2)
  2 dart slugs (D:1)
  A leopard gecko (D:1)
  3 giant cockroaches (D:1)
  4 goblins
  3 hobgoblins
  A quokka (D:2)
  6 bats
  2 frilled lizards (D:1)
  5 kobolds
  2 rats
35 creatures vanquished.

Notes
Turn   | Place    | Note
-------+----------+-------------------------------------------
     0 | D:1      | dvd the Gargoyle Monk began the quest for the Orb.
     0 | D:1      | Reached XP level 1. HP: 14/14 MP: 1/1
   105 | D:1      | Reached XP level 2. HP: 11/19 MP: 2/2
   461 | D:1      | Reached XP level 3. HP: 22/24 MP: 3/3
  1285 | D:2      | Reached XP level 4. HP: 24/29 MP: 4/4
  1355 | D:2      | Reached skill level 1 in Armour
  1543 | D:2      | Noticed Sigmund
  1563 | D:2      | Killed from afar by Sigmund

Skill      XL: |  1  2  3  4 |
---------------+-------------+-----
Armour         | 1 |  1.2
Fighting       | |  3.9
Maces & Flails | |  3.9
Throwing       | |  0.1
Dodging        | |  2.9
Stealth        | |  2.3

Action                   |  1- 3 |  4- 6 || total
-------------------------+-------+-------++-------
Melee: Mace              |    97 |    39 ||   136
Throw: Javelin           |     3 |     4 ||     7
  Eat: Chunk             |     1 |     1 ||     2
Armor: Robe              |     4 |       ||     4
       Ring mail         |    28 |    16 ||    44
Dodge: Dodged            |    66 |    22 ||    88
